 Dungeon Crawl Stone Soup version 0.22-a0-305-gd21a89c (webtiles) character file.

1895 Amnesiac the Slicer (level 9, -2/52 HPs)
             Began as a Kobold Fighter on Mar 31, 2018.
             Was an Initiate of Okawaru.
             Killed from afar by a steam dragon (13 damage)
             ... with a ball of steam
             ... on level 7 of the Dungeon.
             The game lasted 00:09:49 (4578 turns).

Amnesiac the Slicer (Kobold Fighter)                Turns: 4578, Time: 00:09:50

Health: -2/52      AC: 14    Str: 17    XL:     9   Next: 37%
Magic:  24/24      EV:  8    Int:  9    God:    Okawaru [......]
Gold:   216        SH:  9    Dex: 14    Spells: 8/8 levels left

rFire    . . .     SeeInvis .   a - +2 dagger (venom)
rCold    . . .     Gourm    .   c - +0 shield
rNeg     . . .     Faith    .   l - +4 chain mail
rPois    .         Spirit   .   (no helmet)
rElec    .         Reflect  .   (no cloak)
rCorr    .         Harm     .   (no gloves)
MR       .....                  m - +0 pair of boots
Stlth    ..........             (no amulet)
HPRegen  0.17/turn              r - ring of magical power
MPRegen  0.19/turn              u - ring of stealth

@: lethally poisoned (-2 -> -3)
A: small, carnivore
a: Renounce Religion


You were on level 7 of the Dungeon.
You worshipped Okawaru.
Okawaru was noncommittal.
You were completely stuffed.

You visited 1 branch of the dungeon, and saw 7 of its levels.
You also visited: Sewer.

You collected 216 gold pieces.

Inventory:

Hand Weapons
 a - a +2 dagger of venom (weapon)
 b - a +1 dagger of electrocution
Missiles
 e - a throwing net (quivered)
 g - 23 poisoned needles
 n - 3 curare-tipped needles
Armour
 c - a +0 shield (worn)
 l - a +4 chain mail (worn)
 m - a +0 pair of boots (worn)
Jewellery
 r - a ring of magical power (left hand)
 u - a ring of stealth (right hand)
 y - a cursed ring of teleportation {unknown}
Wands
 o - a wand of flame (26)
Scrolls
 i - a scroll of remove curse {!r}
 j - 3 scrolls of teleportation {!r}
 q - a scroll of immolation {!r, unknown}
 s - a scroll of blinking {!r}
 t - 2 scrolls of identify {!r}
 w - a scroll of torment {!r, unknown}
 x - a scroll of amnesia {!r}
Potions
 d - a potion of magic {!q, unknown}
 h - 2 potions of brilliance {!q}
 k - 6 potions of flight {!q}
 p - 3 potions of curing {!q}
 v - a potion of degeneration {!q, unknown}
Comestibles
 f - 10 rations
 z - 5 chunks of flesh


   Skills:
 - Level 3.9 Fighting
 - Level 8.0 Short Blades
 + Level 5.1 Throwing
 - Level 3.4 Armour
 - Level 3.3 Dodging
 - Level 3.4 Shields
 - Level 8.0 Evocations


You had 8 spell levels left.
You didn't know any spells.

Dungeon Overview and Level Annotations

Branches:
Dungeon (7/15)
 Temple: D:4-7

Altars:
Ashenzari
Hepliaklqana
Okawaru
Wu Jian
Xom

Annotations:
D:6 1 runed door


Innate Abilities, Weirdness & Mutations

You are small and have problems with some larger weapons.
You are carnivorous and can eat meat at any time.


Message History

You feel sick.
You see here an arrow.
You feel sick.
You feel sick.
You feel sick.
You feel sick.
You hit the gnoll but do no damage.
The gnoll is poisoned.
You feel sick. The gnoll hits you but does no damage.
You hit the gnoll but do no damage.
The gnoll looks as sick as possible!
You block the gnoll's attack. The gnoll closely misses you.
Your shield and chain mail prevent you from hitting the gnoll.
You feel sick.
You hit the gnoll but do no damage.
The gnoll is heavily wounded.
You block the gnoll's attack. The gnoll barely misses you.
You feel sick.
You kill the gnoll!
Okawaru accepts your kill.
You feel sick.
The gnoll hits you from afar with a spear of venom.
You are more poisoned.
You feel sick.
You feel sick.
You feel sick.
You feel sick.
You feel sick.
You feel sick.
You feel sick.
You feel sick.
You feel sick.
You feel sick.
You feel sick.
You feel sick.
You feel sick. The gnoll barely misses you.
You feel sick.
The gnoll hits you with a spear of venom.
* * * LOW HITPOINT WARNING * * *
You are more poisoned.
You hit the gnoll.
The gnoll is moderately wounded.
You feel sick.
You hit the gnoll.
The gnoll is poisoned.
The gnoll is heavily wounded.
You block the gnoll's attack.
The gnoll hits you with a spear of venom.
* * * LOW HITPOINT WARNING * * *
You feel sick. You block the gnoll's attack.
You feel sick.
You feel sick. You block the gnoll's attack. The gnoll misses you.
You feel sick.
You kill the gnoll!
Okawaru accepts your kill.
You feel sick.
Press: ? - help, v - describe, . - travel
Here: a gnoll, wielding an enchanted halberd The floor.
You feel sick.
A steam dragon comes into view.
The steam dragon hisses angrily.
You feel sick. The steam dragon breathes steam at you.
The ball of steam hits you!
You die...

#..#...†...#
#..######).##
#..# ##..# .##
##.D## #
######..#§##
#....<..##§##
####....##§.##
#...####§.####
#...# ##@#..##
#..##
##....### #..#
##......# ..##
#..g.#### ..
####..#
##.######..
#.........
##.######..
##.##


You could see a gnoll.

Vanquished Creatures
  Edmund (D:6)
  Menkaure (D:6)
  A phantom (D:6)
  A centaur (D:7)
  3 ogres
  Blork the orc (D:6)
  6 killer bees (D:7)
  A bullfrog zombie (D:6)
  A hound (D:6)
  5 orc priests
  8 orc wizards
  A bullfrog skeleton (D:4)
  3 iguanas
  3 worker ants
  2 merfolk sirens (Sewer)
  A merfolk avatar (Sewer)
  2 gnolls (D:7)
  A howler monkey skeleton (D:5)
  5 adders
  3 river rats (Sewer)
  An ooze (D:4)
  An adder skeleton (D:5)
  A worm (D:3)
  A dart slug (D:5)
  11 leopard geckos
  20 orcs
  2 bats
  5 giant cockroaches
  2 goblins
  A hobgoblin (D:3)
  2 jackals (D:3)
  6 kobolds
  A quokka (D:4)
  5 ball pythons (Sewer)
  6 frilled lizards
  2 leopard gecko skeletons (D:4)
  22 rats
139 creatures vanquished.

Notes
Turn   | Place    | Note
-------+----------+-------------------------------------------
     0 | D:1      | Amnesiac the Kobold Fighter began the quest for the Orb.
     0 | D:1      | Reached XP level 1. HP: 14/14 MP: 1/1
   132 | D:1      | Reached XP level 2. HP: 19/19 MP: 2/2
   160 | D:1      | Reached skill level 1 in Dodging
   599 | D:4      | Reached XP level 3. HP: 16/23 MP: 3/3
  1039 | D:4      | Reached XP level 4. HP: 11/28 MP: 4/4
  1262 | D:4      | Reached skill level 5 in Short Blades
  1318 | D:4      | Reached XP level 5. HP: 26/32 MP: 5/5
  1674 | D:4      | Noticed an ogre
  1700 | D:4      | Found a hazy altar of Hepliaklqana.
  1701 | D:4      | Killed an ogre
  1701 | D:4      | Reached XP level 6. HP: 30/37 MP: 6/6
  2068 | D:4      | Reached XP level 7. HP: 36/41 MP: 7/7
  2539 | D:5      | Entered Level 5 of the Dungeon
  2886 | D:5      | Found a shattered altar of Ashenzari.
  2981 | D:6      | Noticed Blork the orc
  2996 | D:6      | Killed Blork the orc
  3006 | D:6      | Found a shimmering altar of Xom.
  3009 | D:6      | Noticed Menkaure
  3015 | D:6      | Killed Menkaure
  3015 | D:6      | Reached XP level 8. HP: 34/48 MP: 10/10
  3143 | D:6      | Noticed Edmund
  3180 | D:6      | Killed Edmund
  3232 | D:6      | Reached skill level 5 in Evocations
  3408 | D:6      | Found a glowing drain.
  3412 | Sewer    | Entered a sewer
  4048 | D:6      | Reached XP level 9. HP: 35/52 MP: 15/15
  4174 | D:6      | Found a runed door.
  4226 | D:7      | Found an ornate altar of the Wu Jian Council.
  4226 | D:7      | Found an iron altar of Okawaru.
  4259 | D:7      | Reached skill level 1 in Throwing
  4282 | D:7      | Became a worshipper of Warmaster Okawaru
  4519 | D:7      | Reached skill level 5 in Throwing
  4578 | D:7      | Killed from afar by a steam dragon

Vault maps used:
D:1:      dpeg_cavernosity, hangedman_abyss_or_decor_lesser_grid,
          feat_on_display
D:2:      grunt_gozag_statues, uniq_jessica
D:3:      first_ration, kennysheep_generic_room_4
D:4:      lemuel_round_altar
D:5:      ashenzari_altar_1
D:6:      gup_sewer_entry_bowl, basic_altar, uniq_edmund, uniq_blork_the_orc,
          uniq_crazy_yiuf_cottage, uniq_menkaure
D:7:      gammafunk_temple_overflow_elements, minmay_temple_entry_from_below_a
Sewer:    sewer_sea

Skill      XL: |  1  2  3  4  5  6  7  8  9 |
---------------+----------------------------+-----
Short Blades   | 3 4 5 7 8 |  8.0
Dodging        | 1 2 3 |  3.3
Armour         | 3 |  3.4
Shields        | 3 |  3.4
Evocations     | 3 8 |  8.0
Throwing       | 5 |  5.1
Fighting       | |  3.9

Action                   |  1- 3 |  4- 6 |  7- 9 || total
-------------------------+-------+-------+-------++-------
Melee: Rapier            |    98 |    34 |       ||   132
       Dagger            |       |    74 |   407 ||   481
Throw: Throwing net      |     1 |     1 |       ||     2
Evoke: Wand              |       |       |     6 ||     6
  Use: Scroll            |     6 |     1 |     5 ||    12
       Potion            |       |     5 |     2 ||     7
 Stab: Held in net/web   |     2 |       |       ||     2
  Eat: Chunk             |     9 |     3 |     9 ||    21
Armor: Scale mail        |    48 |    17 |     8 ||    73
       Skin              |       |     3 |       ||     3
       Chain mail        |       |       |   149 ||   149
Dodge: Dodged            |    39 |    25 |    89 ||   153
Block: Shield            |    39 |    33 |   116 ||   188

Table legend:
 A = Spawn XP
 B = Non-spawn XP
 C = Spawn XP percentage of total XP
 D = Spawn monster count
 E = Non-spawn monster count
 F = Spawn count percentage of total count
 G = Total turns spent on level
                    A         B        C        D         E        F      G
               +---------+---------+-------+---------+---------+-------+---------
         Total |       0 |    2708 |   0.0 |       0 |     139 |   0.0 |  4578
               +---------+---------+-------+---------+---------+-------+---------
           D:1 |       0 |      13 |   0.0 |       0 |       7 |   0.0 |   171
           D:2 |       0 |       4 |   0.0 |       0 |       3 |   0.0 |    85
           D:3 |       0 |      25 |   0.0 |       0 |      11 |   0.0 |   808
           D:4 |       0 |     672 |   0.0 |       0 |      38 |   0.0 |  1475
           D:5 |       0 |      62 |   0.0 |       0 |       5 |   0.0 |   452
           D:6 |       0 |    1098 |   0.0 |       0 |      25 |   0.0 |   676
           D:7 |       0 |     641 |   0.0 |       0 |      11 |   0.0 |   386
         Sewer |       0 |     193 |   0.0 |       0 |      39 |   0.0 |   525
               +---------+---------+-------+---------+---------+-------+---------
